 Dungeon Crawl Stone Soup version 0.19-a0-1049-g462a813 (webtiles) character file.

401 Deeps the Cleaver (level 6, -8/52 HPs)
             Began as a Minotaur Fighter on July 31, 2016.
             Was a Follower of Trog.
             Mangled by Sigmund
             ... wielding a +0 scythe
              (10 damage)
             ... on level 5 of the Dungeon.
             The game lasted 00:05:13 (2737 turns).

Deeps the Cleaver (Minotaur Fighter)                Turns: 2737, Time: 00:05:14

Health: -8/52      AC:  7    Str: 22 (23) XL:     6   Next: 54%
Magic:  5/5        EV:  7    Int:  4 (5)  God:    Trog [*.....]
Gold:   151        SH:  0    Dex:  9      Spells: 0 memorised, 5 levels left

rFire  . . .     SeeInvis .     a - +1 war axe
rCold  . . .     Gourm    .     b - +0 scale mail
rNeg   . . .     Faith    .     c - +1 shield
rPois  .         Spirit   .     (helmet restricted)
rElec  .         Dismiss  .     (no cloak)
rCorr  .         Reflect  .     (no gloves)
SustAt +         Harm     .     (no boots)
MR     .....                    (no amulet)
Stlth  ..........               (no ring)
                                w - ring of sustain attributes

@: confused, not resistant to hostile enchantments, extremely unstealthy
A: retaliatory headbutt, horns 2
a: Berserk, Burn Spellbooks, Renounce Religion


You were on level 5 of the Dungeon.
You worshipped Trog.
Trog was aware of your devotion.
You were not hungry.

You visited 1 branch of the dungeon, and saw 4 of its levels.

You collected 151 gold pieces.

Inventory:

Hand Weapons
 a - a +1 war axe (weapon)
Armour
 b - a +0 scale mail (worn)
 c - a +1 shield (worn)
Jewellery
 w - a ring of sustain attributes (left hand)
Wands
 x - a wand of digging (19/24)
Scrolls
 e - 2 scrolls of identify
 g - 5 scrolls of enchant weapon
 k - a scroll of remove curse
 l - 4 scrolls of noise
 o - a scroll of amnesia
 u - a scroll of blinking
Potions
 d - a potion of might
 m - a potion of lignification {unknown}
 n - a potion of flight {unknown}
 p - a potion of cancellation {unknown}
 t - a potion of invisibility {unknown}
 A - a potion of brilliance {unknown}
Comestibles
 f - 2 bread rations
 s - a slice of pizza
 v - 3 fruits
 z - a meat ration


   Skills:
 - Level 3.7 Fighting
 + Level 8.1 Axes
 - Level 3.9 Armour
 - Level 0.2 Dodging
 + Level 0.8 Stealth
 - Level 3.7 Shields


You had 5 spell levels left.
You didn't know any spells.

Dungeon Overview and Level Annotations

Branches:
Dungeon (3/15)

Altars:
Dithmenos
Pakellas
Trog
Uskayaw

Annotations:
D:5 Sigmund


Innate Abilities, Weirdness & Mutations

You reflexively headbutt those who attack you in melee.
You have a pair of horns on your head.


Message History

You bump into the rock wall.
Sigmund barely misses you.
You're too confused to move!
You miss Sigmund.
Sigmund is severely wounded.
Sigmund hits you with a scythe!
You bump into the rock wall.
Sigmund gestures at you while chanting.
You are more confused.
You bump into the rock wall.
Sigmund hits you with a scythe!
* * * LOW HITPOINT WARNING * * *
You barely miss Sigmund.
Sigmund is severely wounded.
Sigmund hits you with a scythe.
* * * LOW HITPOINT WARNING * * *
It was a potion of cure mutation.
It has a very clean taste.
It was a potion of degeneration.
There was something very wrong with that liquid.
You feel somewhat weakened.
You feel somewhat dopey.
You feel clumsy for a moment. Sigmund hits you with a scythe!
You die...

#.......####
#..รท....'...
#.......###
####....)..######
#................
####...)...#.#....#.
...........#.# .....
.....##....#.# ....
..... #@...#.# .##
.... #.@..#.# .. ...
##...#.# . ###
....#.' ...# ...#
...# ...#


You could see Sigmund.

Vanquished Creatures
  A centaur zombie (D:5)
  2 orc wizards (D:5)
  2 hounds (D:5)
  An iguana (D:5)
  Ijyb (D:2)
  A worker ant zombie (D:5)
  A howler monkey skeleton (D:5)
  8 adders
  4 worms (D:2)
  A dart slug (D:1)
  6 orcs (D:5)
  2 bats (D:2)
  10 giant cockroaches
  13 goblins
  10 hobgoblins
  8 jackals
  8 kobolds
  A quokka (D:2)
  2 ball pythons (D:2)
  A giant newt (D:1)
  6 rats
89 creatures vanquished.

Vanquished Creatures (others)
  An ugly thing (D:2)
1 creature vanquished.

Grand Total: 90 creatures vanquished

Notes
Turn   | Place    | Note
-------+----------+-------------------------------------------
     0 | D:1      | Deeps the Minotaur Fighter began the quest for the Orb.
     0 | D:1      | Reached XP level 1. HP: 19/19 MP: 0/0
   114 | D:1      | Reached XP level 2. HP: 20/27 MP: 1/1
   208 | D:1      | Reached skill level 3 in Axes
   686 | D:2      | Reached XP level 3. HP: 33/33 MP: 2/2
   700 | D:2      | Reached skill level 4 in Axes
   766 | D:2      | Found an oddly glowing altar of Pakellas.
   766 | D:2      | Noticed a brown ugly thing
   775 | D:2      | Killed a brown ugly thing
   777 | D:2      | Found a hide-covered altar of Uskayaw.
  1003 | D:2      | Noticed Ijyb
  1009 | D:2      | Reached XP level 4. HP: 11/40 MP: 3/3
  1019 | D:2      | Killed Ijyb
  1019 | D:2      | Reached skill level 5 in Axes
  1532 | D:2      | Found a bloodstained altar of Trog.
  1544 | D:2      | Became a worshipper of Trog the Wrathful
  1635 | D:2      | Noticed a dagger
  1636 | D:2      | Noticed a dagger
  1774 | D:2      | Reached skill level 6 in Axes
  1774 | D:2      | Reached XP level 5. HP: 46/46 MP: 4/4
  2288 | D:3      | You fall through a shaft for 2 floors!
  2288 | D:5      | Entered Level 5 of the Dungeon
  2317 | D:5      | Found a shadowy altar of Dithmenos.
  2332 | D:5      | Reached * piety under Trog
  2411 | D:5      | Reached skill level 7 in Axes
  2430 | D:5      | Reached XP level 6. HP: 36/52 MP: 5/5
  2519 | D:5      | Reached skill level 8 in Axes
  2722 | D:5      | Noticed Sigmund
  2735 | D:5      | HP: 2/52 [Sigmund/scythe (3)]
  2737 | D:5      | Mangled by Sigmund

Vault maps used:
D:1:      dpeg_arrival_central
D:2:      kennysheep_goblin_castle, gammafunk_pakellas_cloud_experiment,
          dancing_weapons_uskayaw, hangedman_decor_points,
          serial_bayou_lagoon_a, trog_book
D:3:      kennysheep_big_flooded_room, makhleb_heckhound_becter
D:5:      nicolae_dithmenos_through_a_glass_darkly, first_bread,
          minmay_misc_feat_doors, uniq_sigmund

Skill      XL: |  1  2  3  4  5  6 |
---------------+-------------------+-----
Axes           | 3 4 6 7 8 |  8.1
Fighting       | |  3.7
Armour         | |  3.9
Dodging        | |  0.2
Stealth        | |  0.8
Shields        | |  3.7

Action                   |  1- 3 |  4- 6 || total
-------------------------+-------+-------++-------
Melee: War axe           |    91 |   135 ||   226
       Headbutt          |    13 |    23 ||    36
  Use: Scroll            |       |     9 ||     9
       Potion            |       |     3 ||     3
  Eat: Chunk             |       |     2 ||     2
       Bread ration      |       |     1 ||     1
Armor: Scale mail        |    36 |    40 ||    76
Dodge: Dodged            |    35 |    29 ||    64
Block: Shield            |    53 |    68 ||   121
